 Dungeon Crawl Stone Soup version 0.30-a0-879-ga8ba668304 (webtiles) character file.

Game seed: 13095261679555568709

231 cforsyth the Trooper (level 6, 0/51 HPs)
             Began as a Barachi Fighter on Mar 12, 2023.
             Slain by Grinder (2 damage)
             ... on level 3 of the Dungeon.
             The game lasted 00:01:25 (2120 turns).

cforsyth the Trooper (Barachi Fighter)              Turns: 2120, Time: 00:01:25

Health: 0/51       AC:  8    Str: 19    XL:     6   Next: 3%
Magic:  6/6        EV:  9    Int:  9    God:
Gold:   76         SH:  5    Dex: 11    Spells: 5/5 levels left

rFire   . . .      SeeInvis .    a - +0 war axe
rCold   . . .      Faith    .    c - +0 buckler
rNeg    . . .      Spirit   .    b - +0 scale mail
rPois   .          Reflect  .    (no helmet)
rElec   .          Rampage  .    (no cloak)
rCorr   .                        (no gloves)
Will    .....                    m - +0 pair of boots Stlth
                                 (no amulet)
HPRegen 0.28/turn                (no ring)
MPRegen 0.10/turn                (no ring)

@: slow
A: amphibious, slowness 1, strong legs 1, +LOS
a: Hop


You were on level 3 of the Dungeon.
You visited 1 branch of the dungeon, and saw 3 of its levels.

You collected 76 gold pieces.

Inventory:

Hand Weapons
 a - a +0 war axe (weapon)
Armour
 b - a +0 scale mail (worn)
 c - a +0 buckler (worn)
 m - a +0 pair of boots (worn)
Jewellery
 h - a ring of positive energy
Scrolls
 e - a scroll of magic mapping {unknown}
 f - 2 scrolls of identify {unknown}
 g - a scroll of poison {unknown}
 i - 2 scrolls of teleportation {unknown}
 k - a scroll of silence {unknown}
 n - a scroll of immolation {unknown}
 o - a scroll of enchant armour {unknown}
Potions
 d - a potion of might
 j - 4 potions of heal wounds {unknown}
 l - 2 potions of degeneration {unknown}


   Skills:
 + Level 5.0 Fighting
 + Level 3.8 Axes
 + Level 4.9 Armour
 + Level 4.5 Shields


You had 5 spell levels left.
You didn't know any spells.
Your spell library was empty.

Dungeon Overview and Level Annotations

Branches:
Dungeon (3/15)

Altars:

Annotations:
D:3 Grinder


Innate Abilities, Weirdness & Mutations

You are amphibious.
You cover ground slowly.
You can hop short distances.
You have an extended range of vision and can be seen from far away.


Message History

You resist with significant effort.
Grinder says, "Mostly I couldn't keep them alive."
Grinder blinks!
Grinder says, "Tell me all your secrets, or I'll kill you."
Grinder zaps a wand.
You resist with some effort. Grinder hits you.
You are too injured to fight recklessly!
You are too injured to fight recklessly!
You are too injured to fight recklessly!
You are too injured to fight recklessly!
You are too injured to fight recklessly!
You are too injured to fight recklessly!
You are too injured to fight recklessly!
You are too injured to fight recklessly!
You are too injured to fight recklessly!
You are too injured to fight recklessly!
You are too injured to fight recklessly!
You hit Grinder.
Grinder is severely wounded.
Grinder hits you!
You writhe in agony.
* * * LOW HITPOINT WARNING * * *
You barely miss Grinder.
Grinder is severely wounded.
Grinder zaps a wand.
You resist with some effort.
Grinder blinks!
You slash Grinder!
Grinder is almost dead.
Grinder hits you but does no damage.
You barely miss Grinder.
Grinder is almost dead.
Grinder says, "DUCK!"
Grinder gestures at you. Pain shoots through your body!
* * * LOW HITPOINT WARNING * * *
You hit Grinder but do no damage.
Grinder is almost dead.
Grinder hits you but does no damage.
You closely miss Grinder.
Grinder is almost dead.
Grinder hits you.
You die...

####.####
#.......#
#.##.##.# #.
#.##.# #.
#..#.#
.###$###.#.#
......##.#.#
#5......#
####@##.###
#.......#
#.......##.####
###...<....#
#...####### #..
#. #


You could see Grinder.

Vanquished Creatures
  Sigmund (D:2)
  Natasha (D:2)
  An adder (D:2)
  2 dart slugs (D:2)
  2 ball pythons
  4 bats
  4 endoplasms
  A giant cockroach (D:2)
  3 hobgoblins
  4 jackals
  3 quokkas
  3 frilled lizards (D:2)
  3 goblins
  2 kobolds
  A rat (D:2)
35 creatures vanquished.

Notes
Turn   | Place    | Note
-------+----------+-------------------------------------------
     0 | D:1      | cforsyth the Barachi Fighter began the quest for the Orb.
     0 | D:1      | Reached XP level 1. HP: 18/18 MP: 1/1
   535 | D:1      | Reached XP level 2. HP: 25/25 MP: 2/2
   846 | D:2      | Reached skill level 4 in Fighting
   846 | D:2      | Reached XP level 3. HP: 29/30 MP: 3/3
  1306 | D:2      | Found a faded altar of an unknown god.
  1540 | D:2      | Noticed Natasha
  1551 | D:2      | Killed Natasha
  1552 | D:2      | Reached XP level 4. HP: 14/38 MP: 4/4
  1808 | D:2      | Noticed Sigmund
  1831 | D:2      | Killed Sigmund
  1832 | D:2      | Reached skill level 5 in Fighting
  1832 | D:2      | Reached XP level 5. HP: 19/44 MP: 5/5
  1832 | D:2      | Reached XP level 6. HP: 23/51 MP: 6/6
  2097 | D:3      | Noticed Grinder
  2118 | D:3      | HP: 1/51 [Grinder/nerve-wracking pain (13)]
  2120 | D:3      | Slain by Grinder

Illustrated notes

Levels and vault maps discovered:
D:1:      sevenhm_arrival_forest_fort_small_3, layout_basic,
          corexii_hall_statues_x, minmay_misc_feat_rows
D:2:      layout_basic, chequers_ecumenical_altar_simple, uniq_sigmund,
          uniq_natasha
D:3:      layout_loops_cross, general_overflow_altar, uniq_grinder

Skill      XL: |  1  2  3  4 |
---------------+-------------+-----
Fighting       | 4 5 |  5.0
Armour         | 4 |  4.9
Axes           | 3 |  3.8
Shields        | 4 |  4.5

Action                     |  1- 3 |  4- 6 || total
---------------------------+-------+-------++-------
  Melee: War axe           |    86 |    33 ||   119
 Armour: Scale mail        |    58 |    13 ||    71
  Dodge: Dodged            |    59 |    13 ||    72
  Block: Buckler           |    29 |     3 ||    32

Table legend: (Time is in decaauts)
 A = Elapsed time spent in this place.
 B = Non-inter-level travel time spent in this place.
 C = Inter-level travel time spent in this place.
 D = Time resting spent in this place.
 E = Time spent auto-exploring this place.
 F = Levels seen in this place.
 G = Mean time per level.
                   A        B        C        D        E       F      G
               +--------+--------+--------+--------+--------+-----+--------+
         Total |   2493 |   2393 |    100 |      6 |   2072 |   3 |  831.0 |
       Dungeon |   2493 |   2393 |    100 |      6 |   2072 |   3 |  831.0 |
               +--------+--------+--------+--------+--------+-----+--------+

Top non-repeatable levels by time:
     D:2: 1453 daAuts
     D:1: 955 daAuts
     D:3: 84 daAuts
